 Dungeon Crawl Stone Soup version 0.26-a0-259-g1effd001a9 (webtiles) character file.

Game seed: 3518541524604796507

94 Esekla the Stinger (level 4, -2/33 HPs)
             Began as a Formicid Venom Mage on July 13, 2020.
             Slain by Blork the orc
             ... wielding a +0 glaive
              (14 damage)
             ... on level 4 of the Dungeon.
             The game lasted 00:16:30 (1917 turns).

Esekla the Stinger (Formicid Venom Mage)            Turns: 1917, Time: 00:16:31

Health: -2/33      AC:  3    Str: 13    XL:     4   Next: 94%
Magic:  3/9        EV: 12    Int: 11    God:
Gold:   71         SH:  0    Dex: 11    Spells: 1/10 levels left

rFire    . . .     SeeInvis +   a - +3 short sword
rCold    . . .     Faith    .   (no shield)
rNeg     . . .     Spirit   .   h - +0 leather armour (curse)
rPois    .         Reflect  .   (helmet unavailable)
rElec    .         Harm     .   (no cloak)
rCorr    .                      (no gloves)
MR       .....                  (no boots)
Stlth    ++........             (no amulet)
HPRegen  0.11/turn              b - -4 ring of intelligence (curse)
MPRegen  0.11/turn              (no ring)

@: no status effects
A: permanent stasis, dig shafts and tunnels, four strong arms, antennae 3
a: Dig, Shaft Self


You were on level 4 of the Dungeon.
You were not hungry.

You visited 1 branch of the dungeon, and saw 4 of its levels.

You collected 71 gold pieces.

Inventory:

Hand Weapons
 a - a +3 short sword (weapon)
Armour
 h - a cursed +0 leather armour (worn)
Jewellery
 b - a cursed -4 ring of intelligence (left hand)
Potions
 e - a potion of flight {unknown}
 f - 2 potions of might {unknown}
Comestibles
 c - 9 rations


   Skills:
 * Level 2.0 Fighting
 * Level 0.1 Armour
 + Level 2.0 Dodging
 + Level 2.9 Stealth
 * Level 3.6 Spellcasting
 - Level 1.1 Transmutations
 * Level 1.0 Air Magic
 - Level 4.0 Poison Magic


You had one spell level left.
You knew the following spells:

 Your Spells              Type           Power        Failure   Level
a - Sting                 Tmut/Pois      #...         11%         1
c - Mephitic Cloud        Conj/Pois/Air  #.......     43%         3
n - Ignite Poison         Fire/Tmut/Pois #.......     43%         3
v - Poisonous Vapours     Pois/Air       #.....       17%         2

Your spell library contained the following spells:

 Spells                   Type           Power        Failure   Level
 Olgreb's Toxic Radiance  Pois           ##......     52%         4


Dungeon Overview and Level Annotations

Branches:
Dungeon (4/15)             Temple (0/1) D:4

Altars:

Annotations:
D:4 Blork the orc


Innate Abilities, Weirdness & Mutations

You cannot be hasted, slowed, berserked, paralysed or teleported.
You can dig through walls and to a lower floor.
Your four strong arms can wield two-handed weapons with a shield.
You have a pair of large antennae on your head. (SInv)


Message History

Blork the orc gestures at you while chanting.
The puff of flame hits you.
Casting: Poisonous Vapours (safe; 17% risk of failure)
Confirm with . or Enter, or press ? or * to list all spells.
Aiming: Poisonous Vapours (safe; 17% risk of failure)
Press: ? - help, Dir - move target cursor, f/p - Blork the orc
Aim: Blork the orc, wielding a +0 glaive and wearing a +0 robe (moderately wounded, fast, very poisoned) Poisonous vapours surround Blork the orc!
Blork the orc is engulfed in poison gas.
Blork the orc looks even sicker.
Blork the orc casts a cantrip, but nothing happens.
Blork the orc hits you with a +0 glaive!
You barely miss Blork the orc.
Blork the orc is severely wounded.
Blork the orc points at you and mumbles some strange words.
The puff of flame hits you.
You hit Blork the orc.
Blork the orc is almost dead.
Blork the orc hits you with a +0 glaive!
You die...

,,,,* *,* #.# *,**≈≈≈≈≈**,,*
**,,* *,** #.# *,,,,,,≈,,,,,*
*,,* *,,* #.# ***{*,,,,,,*,*
**,,* **,** #.#####..,,,,,,,,,
,,,,* **,,,** #...)....,,,,,,*,,
**,****,,#..####.#****,*,***,,*,,
,,,,,,,,**#..(...# *,*,**,,,*,,
**,*,**,.#..####o# *,*,*,*,,*,,
*,*,,,,.{.** #@# *,*,,,,,,,,,
*,*****#.#* #.# *,*,,,*,,**, *,*
#.# #.# *,,,,*,,,,,, **** #.# #.#
*,*,,,,,,**, ,,* #.#
##.#####.**,,,,,**, {8*
#####.#####)........,,,,,,**, {,*
#............#####..,,,,,,,,, g8*
#.############ *,********** ..*
#.# ****** *,********,,


You could see Blork the orc (fast, very poisoned).

Vanquished Creatures
  2 adders (D:2)
  3 gnolls (D:2)
  2 worms (D:2)
  A dart slug (D:2)
  An orc (D:4)
  2 giant cockroaches
  8 hobgoblins
  4 kobolds
  A ball python (D:2)
  4 bats (D:1)
  A frilled lizard (D:1)
  7 goblins
  4 rats
40 creatures vanquished.

Notes
Turn   | Place    | Note
-------+----------+-------------------------------------------
     0 | D:1      | Esekla the Formicid Venom Mage began the quest for the Orb.
     0 | D:1      | Reached XP level 1. HP: 13/13 MP: 3/3
     3 | D:1      | Noticed a ghoul
     3 | D:1      | Noticed a centaur
     5 | D:1      | Noticed a formicid
     5 | D:1      | Noticed a human
     7 | D:1      | Noticed an octopode
     7 | D:1      | Noticed a demonspawn
     9 | D:1      | Noticed an ogre
     9 | D:1      | Noticed a troll
    11 | D:1      | Noticed a naga
    11 | D:1      | Noticed a vampire
    13 | D:1      | Noticed a draconian
    13 | D:1      | Noticed a tengu
    15 | D:1      | Noticed a spriggan
    17 | D:1      | Noticed a dwarf
    17 | D:1      | Noticed a gargoyle
    19 | D:1      | Noticed a merfolk
    19 | D:1      | Noticed a halfling
    21 | D:1      | Noticed a felid
    21 | D:1      | Noticed a vine stalker
    23 | D:1      | Noticed an elf
    25 | D:1      | Noticed a minotaur
    27 | D:1      | Noticed a demigod
   135 | D:2      | Reached XP level 2. HP: 6/20 MP: 0/5
   467 | D:2      | Reached skill level 1 in Fighting
   467 | D:2      | Reached XP level 3. HP: 15/26 MP: 0/7
   782 | D:1      | You fall into a shaft and drop 1 floor!
  1093 | D:2      | Learned a level 2 spell: Poisonous Vapours
  1097 | D:2      | Learned a level 3 spell: Mephitic Cloud
  1112 | D:2      | Reached XP level 4. HP: 22/33 MP: 4/8
  1595 | D:2      | Learned a level 3 spell: Ignite Poison
  1898 | D:4      | Reached skill level 1 in Air Magic
  1906 | D:4      | Noticed Blork the orc
  1917 | D:4      | Slain by Blork the orc

Illustrated notes

Levels and vault maps discovered:
D:1:      kb_arrival_jail, layout_rooms
D:2:      layout_loops_ring, fedhas_altar_2, uniq_crazy_yiuf_cottage
D:3:      layout_rooms, gammafunk_ghost_smash
D:4:      kennysheep_the_goblin_king, layout_loops_ring,
          minmay_temple_entry_nine_rooms, cheibrodos_sewer_entry_sluice,
          first_ration, uniq_blork_the_orc

Skill      XL: |  1  2  3  4 |
---------------+-------------+-----
Fighting       | 1 2 |  2.0
Dodging        | 2 |  2.0
Spellcasting   | 3 |  3.6
Air Magic      | 1 |  1.0
Armour         | |  0.1
Stealth        | |  2.9
Transmutations | |  1.1
Poison Magic   | |  4.0

Action                   |  1- 3 |  4- 6 || total
-------------------------+-------+-------++-------
Melee: Unarmed           |    12 |       ||    12
       Dagger            |    22 |    29 ||    51
       Short sword       |       |    13 ||    13
 Cast: Sting             |    21 |       ||    21
       Poisonous Vapours |     1 |    23 ||    24
  Use: Scroll            |     2 |     1 ||     3
 Stab: Sleeping          |     1 |       ||     1
       Distracted        |       |     1 ||     1
  Eat: Ration            |       |     1 ||     1
Armor: Robe              |     6 |     1 ||     7
       Leather armour    |       |     6 ||     6
Dodge: Dodged            |    32 |    20 ||    52

Table legend:
 A = Non-vault XP
 B = Vault XP
 C = Vault XP percentage of total XP
 D = Non-vault monster count
 E = Vault monster count
 F = Vault count percentage of total count
                 A         B        C        D         E       F
            +---------+---------+-------+---------+---------+-------
      Total |     135 |       0 |   0.0 |      40 |       0 |   0.0
            +---------+---------+-------+---------+---------+-------
        D:1 |      27 |       0 |   0.0 |      17 |       0 |   0.0
        D:2 |     103 |       0 |   0.0 |      21 |       0 |   0.0
        D:3 |       2 |       0 |   0.0 |       1 |       0 |   0.0
        D:4 |       3 |       0 |   0.0 |       1 |       0 |   0.0
            +---------+---------+-------+---------+---------+-------
